 Dungeon Crawl Stone Soup version 0.19.5 (webtiles) character file.

18 mcbry the Magician (level 2, -6/15 HPs)
             Began as a Deep Elf Wizard on May 10, 2017.
             Mangled by Natasha (8 damage)
             ... on level 2 of the Dungeon.
             The game lasted 00:07:29 (953 turns).

mcbry the Magician (Deep Elf Wizard)                 Turns: 953, Time: 00:07:33

Health: -6/15      AC:  6    Str:  7    XL:     2   Next: 51%
Magic:  5/10       EV: 13    Int: 22    God:
Gold:   92         SH:  0    Dex: 13    Spells: 3 memorised, 6 levels left

rFire  . . .     SeeInvis .     e - +1 short sword
rCold  . . .     Gourm    .     a - +0 robe
rNeg   . . .     Faith    .     (no shield)
rPois  .         Spirit   .     b - +0 hat
rElec  .         Reflect  .     (no cloak)
rCorr  .         Harm     .     q - +0 pair of gloves (curse)
MR     .....                    i - +2 pair of boots
Stlth  ++........               (no amulet)
                                (no ring)
                                n - +3 ring of strength

@: slowed, repel missiles, very slow
A: no striking features
a: no special abilities


You were on level 2 of the Dungeon.
You were not hungry.

You visited 1 branch of the dungeon, and saw 2 of its levels.

You collected 92 gold pieces.

Inventory:

Hand Weapons
 e - a +1 short sword (weapon)
Armour
 a - a +0 robe (worn)
 b - a +0 hat (worn)
 i - a +2 pair of boots (worn)
 q - a cursed +0 pair of gloves (worn)
Jewellery
 n - a +3 ring of strength (left hand)
 p - an uncursed ring of see invisible {unknown}
Scrolls
 f - a scroll of identify
Potions
 g - a potion of lignification {unknown}
 j - a potion of degeneration {unknown}
 k - a potion of haste {unknown}
 m - 3 potions of flight {unknown}
Books
 c - a book of Minor Magic

   Spells                             Type                      Level
   a - Magic Dart                     Conjuration                  1
   b - Blink                          Translocation                2
   c - Call Imp                       Summoning                    2
   d - Repel Missiles                 Charms/Air                   2
   e - Slow                           Hexes                        2
   f - Conjure Flame                  Conjuration/Fire             3
   g - Mephitic Cloud                 Conjuration/Poison/Air       3
Comestibles
 d - 2 bread rations
 h - 3 fruits
 o - a chunk of flesh


   Skills:
 + Level 2.5 Dodging
 + Level 2.7 Stealth
 + Level 5.3 Spellcasting
 + Level 1.1 Conjurations
   Level 1.1 Summonings
   Level 1.1 Translocations


You had 6 spell levels left.
You knew the following spells:

 Your Spells              Type           Power        Failure   Level  Hunger
a - Magic Dart            Conj           ##..         10%         1    None
b - Slow                  Hex            #.......     17%         2    None
c - Repel Missiles        Chrm/Air       #.....       17%         2    None


Dungeon Overview and Level Annotations

Branches:
Dungeon (2/15)

Altars:

Annotations:
D:2 Natasha


Message History

Aiming: Magic Dart
Press: ? - help, Shift-Dir - straight line, f/p - Natasha
Aim: Natasha (severely wounded)
The magic dart hits Natasha.
Natasha is severely wounded.
Natasha barely misses you.
You closely miss Natasha.
Natasha is severely wounded.
Natasha claws you.
You miss Natasha.
Natasha is severely wounded.
Natasha casts a spell at you.
You feel yourself slow down.
You completely miss Natasha.
Natasha is heavily wounded.
Natasha claws you!
* * * LOW HITPOINT WARNING * * *
Natasha claws you!
Ouch! That really hurt!
You die...

##### #########
#....######### #........
#............# #.....#
#............###.....#
.....................#
.....................+
......h..............#
....#@#............# .... ...
#.#...........## ......
#.#...........+ ..#...
#.#.##........#### ...... #+#
#...##........#..+ ......##.#
#.........##....#
.........###...............+
............##.............##
............##.##+#####......


You could see Natasha.

Vanquished Creatures
  A ball python (D:2)
  3 bats (D:1)
  2 giant cockroaches (D:1)
  2 goblins
  2 hobgoblins (D:1)
  A frilled lizard (D:1)
  2 kobolds (D:1)
  4 rats (D:1)
17 creatures vanquished.

Notes
Turn   | Place    | Note
-------+----------+-------------------------------------------
     0 | D:1      | mcbry the Deep Elf Wizard began the quest for the Orb.
     0 | D:1      | Reached XP level 1. HP: 10/10 MP: 7/7
   261 | D:1      | Reached skill level 5 in Spellcasting
   418 | D:1      | Reached XP level 2. HP: 15/15 MP: 8/10
   904 | D:2      | Noticed Natasha
   916 | D:2      | Learned a level 2 spell: Slow
   919 | D:2      | Learned a level 2 spell: Repel Missiles
   953 | D:2      | Mangled by Natasha

Skill      XL: |  1 |
---------------+----+-----
Spellcasting   | 5 |  5.3
Dodging        | |  2.5
Stealth        | |  2.7
Conjurations   | |  1.1
Summonings     | |  1.1
Translocations | |  1.1

Action                   || total
-------------------------++-------
Melee: Short sword       ||    41
       Unarmed           ||     1
 Cast: Magic Dart        ||    35
       Slow              ||     1
       Repel Missiles    ||     1
  Use: Potion            ||     1
       Scroll            ||     3
 Stab: Sleeping          ||     1
Armor: Robe              ||    10
Dodge: Dodged            ||    31
